 Dungeon Crawl Stone Soup version 0.27-a0-457-gba82baf56e (webtiles) character file.

Game seed: 10269533218490236624

4278 Morbidden the Archer (level 9, 0/78 HPs)
             Began as a Demigod Hunter on Feb 28, 2021.
             Succumbed to Harold's poison
             ... on level 9 of the Dungeon.
             The game lasted 00:13:43 (9472 turns).

Morbidden the Archer (Demigod Hunter)               Turns: 9472, Time: 00:13:43

Health: 0/78       AC:  4    Str: 13      XL:     9   Next: 85%
Magic:  9/18       EV: 12    Int: 25      God:
Gold:   465        SH:  0    Dex:  8 (9)  Spells: 13/16 levels left

rFire    . . .     SeeInvis .   a - +2 shortbow (freeze)
rCold    + . .     Faith    .   (shield currently unavailable)
rNeg     . . .     Spirit   .   F - +0 leather armour "Unifarri" {Dex-5 Slay+4 Stlth+}
rPois    .         Reflect  .   (no helmet)
rElec    .         Harm     .   m - scarf {repulsion}
rCorr    .         Rampage  .   (no gloves)
Will     .....     Rnd*Tele +   z - +0 pair of boots
Stlth    ++........             k - amulet of regeneration
HPRegen  1.23/turn              r - ring of protection from cold
MPRegen  0.16/turn              x - ring of wizardry

@: lethally poisoned (0 -> -30), marked, attractive, repel missiles
A: deterioration 1, high mp 1, teleportitis 1
a: no special abilities


You were on level 9 of the Dungeon.
You visited 1 branch of the dungeon, and saw 9 of its levels.
You also visited: Sewer and Bailey.

You collected 465 gold pieces.

Inventory:

Hand Weapons
 a - a +2 shortbow of freezing (weapon)
Missiles
 d - 51 arrows (quivered ammo)
 G - 73 boomerangs
Armour
 m - a scarf of repulsion (worn)
 z - a +0 pair of boots (worn)
 F - the +0 leather armour "Unifarri" (worn) {Dex-5 Slay+4 Stlth+}
   (You found it on level 6 of the Dungeon)

   It affects your dexterity (-5).
   It affects your accuracy and damage with ranged weapons and melee attacks
   (+4).
   It makes you more stealthy.
Magical Staves
 b - a staff of conjuration
Jewellery
 k - an amulet of regeneration (around neck)
 r - a ring of protection from cold (left hand)
 x - a ring of wizardry (right hand)
 y - a ring of poison resistance
Wands
 c - a wand of flame (20)
 v - a wand of mindburst (9)
Scrolls
 e - 8 scrolls of teleportation
 g - 6 scrolls of enchant armour
 l - 6 scrolls of identify
 o - 2 scrolls of random uselessness {unknown}
 p - 2 scrolls of fog {unknown}
 u - 3 scrolls of immolation
 w - 2 scrolls of magic mapping
 A - 2 scrolls of blinking {unknown}
 B - a scroll of enchant weapon
 J - a scroll of acquirement {unknown}
Potions
 f - 3 potions of might
 h - a potion of degeneration {unknown}
 i - a potion of cancellation {unknown}
 j - 4 potions of mutation
 n - a potion of attraction
 q - 5 potions of flight
 s - 8 potions of curing {unknown}
 t - 2 potions of berserk rage
 C - a potion of lignification {unknown}
 D - a potion of resistance {unknown}
 H - 6 potions of heal wounds {unknown}
 I - a potion of magic {unknown}


   Skills:
 * Level 6.6 Fighting
 + Level 0.1 Short Blades
 * Level 2.0 Staves
 + Level 9.0 Bows
 + Level 2.9 Armour
 * Level 4.8 Dodging
 + Level 1.7 Stealth
 * Level 4.1 Spellcasting
 * Level 2.8 Necromancy
 * Level 1.1 Evocations


You had 13 spell levels left.
You knew the following spells:

 Your Spells              Type           Power        Failure   Level
a - Vampiric Draining     Necr           9%           4%          3

Your spell library contained the following spells:

 Spells                   Type           Power        Failure   Level
 Animate Skeleton         Necr           38%          1%          1
 Pain                     Necr           76%          1%          1
 Confusing Touch          Hex            5%           14%         3
 Gell's Gravitas          Tloc           2%           14%         3
 Animate Dead             Necr           9%           14%         4
 Agony                    Necr           19%          36%         5
 Animate Armour           Summ/Erth      10%          41%         4
 Leda's Liquefaction      Hex/Erth       2%           41%         4
 Petrify                  Tmut/Erth      5%           41%         4
 Bolt of Magma            Conj/Fire/Erth 2%           75%         5
 Metabolic Englaciation   Hex/Ice        2%           75%         5
 Yara's Violent Unravell  Hex/Tmut       2%           75%         5
 Iron Shot                Conj/Erth      2%           99%         6
 Statue Form              Tmut/Erth      3%           99%         6
 Shatter                  Erth           2%           100%        9


Dungeon Overview and Level Annotations

Branches:
Dungeon (9/15)             Temple (0/1) D:5            Lair (0/6) D:8
  Sewer (visited)          Bailey (visited)
    Orc: D:9-12

Annotations:
D:9 Harold


Innate Abilities, Weirdness & Mutations

You have an increased reservoir of magic. (+10% MP)
Your body sometimes deteriorates upon taking damage.
You are occasionally teleported next to monsters.


Message History

You are lethally poisoned!
Casting: Vampiric Draining (dangerous; 4% risk of failure)
Confirm with . or Enter, or press ? or * to list all spells.
Aiming: Vampiric Draining (dangerous; 4% risk of failure)
Press: ? - help, Shift-Dir - straight line, f/p - Harold
Aim: Harold, wielding a +1 short sword of venom, wearing a +0 scale mail and quivering 4 throwing nets (heavily wounded) Harold is heavily wounded.
You feel life coursing into your body.
* * * LOW HITPOINT WARNING * * *
You feel very sick. The worker ant bites you.
* * * LOW HITPOINT WARNING * * *
You are more poisoned.
The worker ant poisons you!
Harold hits you with a +1 short sword of venom.
* * * LOW HITPOINT WARNING * * *
You are more poisoned.
Unknown command.
Unknown command.
Unknown command.
Okay, then.
Okay, then.
Unknown command.
It was a potion of mutation.
You feel extremely strange.
You feel clumsy.
You feel weirdly uncertain.
You feel yourself wasting away.
You feel agile.
* * * LOW HITPOINT WARNING * * *
You feel very sick. The worker ant bites you.
* * * LOW HITPOINT WARNING * * *
Harold hits you but does no damage.
You are more poisoned.
Unknown command.
Unknown command.
Unknown command.
Unknown command.
Okay, then.
It was a potion of attraction.
You feel attractive to monsters.
You die...

#....# ####### #....#
##.....## #....#
##.......###....#
#.........##....# #
#.........##....# .P.
#.........##(..B##.≈P≈≈
#.........(....@@.(≈P≈≈
#.....)....#..####P♣♣♣♣
##.......###.##
#.......).##.#
#..........#.#
#........))..#
#.........#..#
#.........#..####
##....|..##)....#


You could see Harold and a worker ant.

Vanquished Creatures
  An ugly thing (D:8)
  A wyvern (D:8)
  A yak (D:8)
  A basilisk (D:8)
  A steam dragon (D:7)
  A water moccasin (D:7)
  A black bear (D:8)
  2 ice beasts
  2 sky beasts
  3 orc warriors
  A necrophage (D:7)
  3 ogres
  4 centaurs
  4 bullfrogs
  A scorpion (D:7)
  A howler monkey (D:6)
  2 quasits (D:9)
  3 centaur skeletons
  3 orc priests
  4 hounds
  A jelly (D:4)
  An iguana (D:8)
  12 orc wizards
  A merfolk avatar (Sewer)
  6 worker ants
  A merfolk siren (Sewer)
  A killer bee zombie (D:9)
  19 gnolls
  A worker ant zombie (D:8)
  3 river rats (Sewer)
  12 adders
  2 white imps
  2 oozes
  An adder zombie (D:7)
  6 worms
  7 leopard geckos
  41 orcs
  5 ball pythons (Sewer)
  10 bats
  2 giant cockroaches
  3 goblins (D:1)
  16 hobgoblins
  3 jackals (D:8)
  7 quokkas
  5 frilled lizards
  15 kobolds
  A leopard gecko skeleton (D:4)
  A leopard gecko zombie (D:6)
  29 rats
254 creatures vanquished.

Vanquished Creatures (others)
  2 plants
  10 withered plants (D:2)
12 creatures vanquished.

Grand Total: 266 creatures vanquished

Notes
Turn   | Place    | Note
-------+----------+-------------------------------------------
     0 | D:1      | Morbidden the Demigod Hunter began the quest for the Orb.
     0 | D:1      | Reached XP level 1. HP: 17/17 MP: 3/3
   254 | D:1      | Reached skill level 1 in Stealth
   437 | D:1      | Reached XP level 2. HP: 24/24 MP: 4/4
   570 | D:2      | Reached skill level 4 in Bows
   686 | D:2      | Found an ancient bone altar of Kikubaaqudgha.
  1480 | D:2      | Reached skill level 1 in Spellcasting
  1786 | D:2      | Reached XP level 3. HP: 29/29 MP: 7/7
  2111 | D:2      | Found a stormy altar of Qazlal.
  2497 | D:3      | Reached XP level 4. HP: 34/36 MP: 8/8
  2546 | D:3      | HP: 1/37 [poisoned by an adder]
  2711 | D:3      | Reached skill level 1 in Armour
  2716 | D:3      | Reached XP level 5. HP: 42/42 MP: 9/9
  3154 | D:3      | Found a sparkling altar of Nemelex Xobeh.
  3664 | D:4      | Reached XP level 6. HP: 46/51 MP: 11/11
  3759 | D:4      | Reached skill level 5 in Bows
  4117 | D:4      | Found a hazy altar of Hepliaklqana.
  4211 | D:5      | Entered Level 5 of the Dungeon
  4293 | D:5      | Found a glowing drain.
  4307 | Sewer    | Entered a sewer
  4870 | D:5      | Reached XP level 7. HP: 34/57 MP: 13/13
  5269 | D:5      | Reached skill level 6 in Bows
  5329 | D:5      | Found a staircase to the Ecumenical Temple.
  6096 | D:6      | Reached XP level 8. HP: 50/67 MP: 15/15
  6306 | D:6      | Learned a level 3 spell: Vampiric Draining
  6502 | D:6      | Reached skill level 7 in Bows
  6555 | D:6      | Identified the +0 leather armour "Unifarri" {Dex-5 Slay+4
                  | Stlth+}
  6890 | D:7      | Reached skill level 1 in Necromancy
  6962 | D:7      | Reached skill level 5 in Fighting
  7474 | D:7      | Reached skill level 8 in Bows
  7474 | D:7      | Reached XP level 9. HP: 74/74 MP: 17/17
  7767 | D:8      | Found a flagged portal.
  7824 | Bailey   | Entered a bailey
  8417 | D:8      | Reached skill level 1 in Staves
  8597 | D:8      | Found a staircase to the Lair.
  8636 | D:8      | Found a white marble altar of Elyvilon.
  8986 | D:8      | Found a broken altar of Ashenzari.
  8992 | D:8      | Noticed a brown ugly thing
  9002 | D:8      | Killed a brown ugly thing
  9374 | D:9      | Reached skill level 1 in Evocations
  9382 | D:9      | Reached skill level 9 in Bows
  9461 | D:9      | Noticed Harold
  9471 | D:9      | Gained mutation: You are clumsy. (Dex -2) [potion of
                  | mutation]
  9471 | D:9      | Gained mutation: You are occasionally teleported next to
                  | monsters. [potion of mutation]
  9471 | D:9      | Gained mutation: Your body sometimes deteriorates upon
                  | taking damage. [potion of mutation]
  9471 | D:9      | Lost mutation: You are clumsy. (Dex -2) [potion of
                  | mutation]
  9472 | D:9      | Succumbed to Harold's poison

Illustrated notes

Levels and vault maps discovered:
D:1:      minmay_arrival_open_corners, layout_loops_ring,
          grunt_decor_one_mirror, skrybe_limestone_x
D:2:      minmay_skewed_foursquare, layout_loops_corners,
          kiku_gazebo_garden_becter, corexii_corridor_pit,
          nicolae_qazlal_general_emergency
D:3:      layout_rooms, nemelex_xobeh_ov_fountains_minmay, corexii_corridor_pit,
          kennysheep_generic_room_12
D:4:      layout_loops_ring, marbit_many_paths, minmay_small_thing
D:5:      layout_loops_corners, temple_fountains, portal_sewer_entry_d
D:6:      layout_loops_cross, st_stairs_1
D:7:      layout_gridville, minmay_misc_feat_ornament
D:8:      layout_loops_corners, elyvilon_altar_1, david_lair_generic,
          enter_bailey_6, ashenzari_altar_1
D:9:      layout_rooms, kennysheep_big_empty_room, serial_bayou_pond_c,
          lemuel_angel_altar, uniq_harold, uniq_maggie, uniq_prince_ribbit1

Skill      XL: |  1  2  3  4  5  6  7  8  9 |
---------------+----------------------------+-----
Stealth        | 1 |  1.7
Fighting       | 2 3 4 5 6 |  6.6
Bows           | 4 5 6 8 9 |  9.0
Spellcasting   | 1 2 3 4 |  4.1
Dodging        | 2 3 4 |  4.8
Armour         | 1 2 |  2.9
Necromancy     | 2 |  2.8
Staves         | 2 |  2.0
Evocations     | 1 |  1.1
Short Blades   | |  0.1

Action                   |  1- 3 |  4- 6 |  7- 9 || total
-------------------------+-------+-------+-------++-------
Melee: Short sword       |       |    55 |    39 ||    94
       Shortbow          |       |     1 |       ||     1
 Fire: Shortbow          |    91 |   305 |   431 ||   827
 Cast: Vampiric Draining |       |       |    10 ||    10
  Use: Potion            |       |     3 |     2 ||     5
       Scroll            |       |     7 |     1 ||     8
Armor: Leather armour    |    14 |    49 |    52 ||   115
Dodge: Dodged            |    27 |   101 |   107 ||   235
       Repelled          |       |     2 |     3 ||     5

Table legend: (Time is in decaauts)
 A = Elapsed time spent in this place.
 B = Non-inter-level travel time spent in this place.
 C = Inter-level travel time spent in this place.
 D = Time resting spent in this place.
 E = Time spent auto-exploring this place.
 F = Levels seen in this place.
 G = Mean time per level.
                   A        B        C        D        E       F      G
               +--------+--------+--------+--------+--------+-----+--------+
         Total |   9547 |   9230 |    317 |    468 |   6797 |  11 |  867.9 |
       Dungeon |   8626 |   8309 |    317 |    468 |   6274 |   9 |  958.4 |
         Sewer |    607 |    607 |      0 |      0 |    325 |   1 |  607.0 |
        Bailey |    312 |    312 |      0 |      0 |    197 |   1 |  312.0 |
               +--------+--------+--------+--------+--------+-----+--------+

Top non-repeatable levels by time:
     D:2: 1545 daAuts
     D:8: 1233 daAuts
     D:5: 1094 daAuts
     D:4: 988 daAuts
     D:6: 980 daAuts
     D:7: 946 daAuts
     D:1: 900 daAuts
     D:3: 799 daAuts
   Sewer: 607 daAuts
  Bailey: 312 daAuts
     D:9: 138 daAuts
